 Dungeon Crawl Stone Soup version 0.27.1-4-g1640c2035a (webtiles) character file.

Game seed: 9572646119522442370

166 ChickenMitten the Shield-Bearer (level 5, -4/42 HPs)
             Began as a Formicid Fighter on Nov 6, 2021.
             Slain by a bullfrog (6 damage)
             ... on level 5 of the Dungeon.
             The game lasted 00:06:21 (3263 turns).

ChickenMitten the Shield-Bearer (Formicid Fighter)  Turns: 3263, Time: 00:06:22

Health: -4/42      AC: 11    Str: 22    XL:     5   Next: 76%
Magic:  5/5        EV:  5    Int:  7    God:
Gold:   93         SH: 10    Dex: 10    Spells: 4/4 levels left

rFire    . . .     SeeInvis +   e - +0 dagger (vamp)
rCold    . . .     Faith    .   c - +0 kite shield
rNeg     . . .     Spirit   .   h - +0 plate armour
rPois    .         Reflect  .   (helmet unavailable)
rElec    .         Harm     .   (no cloak)
rCorr    .         Rampage  .   (no gloves)
Will     .....                  (no boots)
Stlth    ..........             (no amulet)
HPRegen  0.14/turn              (no ring)
MPRegen  0.09/turn              (no ring)

@: lethally poisoned (-4 -> -9), attractive
A: permanent stasis, dig shafts and tunnels, antennae 3, four strong arms
a: Dig, Shaft Self


You were on level 5 of the Dungeon.
You visited 1 branch of the dungeon, and saw 5 of its levels.

You collected 93 gold pieces.

Inventory:

Hand Weapons
 a - a +0 war axe
 e - a +0 vampiric dagger (weapon)
 n - a +0 war axe
Armour
 b - a +0 scale mail
 c - a +0 kite shield (worn)
 h - a +0 plate armour (worn)
Jewellery
 k - a ring of ice
Scrolls
 g - a scroll of enchant armour
 j - a scroll of identify


   Skills:
 * Level 4.1 Fighting
 - Level 1.1 Short Blades
 * Level 2.6 Axes
 * Level 4.2 Armour
 * Level 5.2 Shields


You had 4 spell levels left.
You didn't know any spells.
Your spell library contained the following spells:

 Spells                   Type           Power      Damage    Failure   Level
 Animate Skeleton         Necr           0%         N/A       100%        1
 Pain                     Necr           0%         1d4       100%        1
 Vampiric Draining        Necr           0%         2d6       100%        3


Dungeon Overview and Level Annotations

Branches:
Dungeon (6/15)
 Temple: D:4-7

Altars:

Annotations:
D:3 Ijyb


Innate Abilities, Weirdness & Mutations

You cannot be hasted, slowed, berserked, paralysed or teleported.
You can dig through walls and to a lower floor.
You have a pair of large antennae on your head. (SInv)
Your four strong arms can wield two-handed weapons with a shield.


Message History

You block the bullfrog's attack. The scorpion barely misses you.
The bullfrog hits you.
You hear a distant slurping noise.
You hit the bullfrog.
You feel better.
The bullfrog is moderately wounded.
The scorpion stings you. You block the bullfrog's attack.
The scorpion stings you but does no damage.
The bullfrog barely misses you.
You barely miss the bullfrog.
The bullfrog is moderately wounded.
You block the bullfrog's attack.
The scorpion stings you but does no damage.
You hit the bullfrog.
The bullfrog is heavily wounded.
You block the bullfrog's attack.
The scorpion stings you but does no damage.
The bullfrog hits you.
* * * LOW HITPOINT WARNING * * *
You barely miss the bullfrog.
The bullfrog is heavily wounded.
The scorpion stings you.
* * * LOW HITPOINT WARNING * * *
You are lethally poisoned!
The scorpion poisons you! You block the bullfrog's attack.
You block the scorpion's attack.
The bullfrog hits you but does no damage.
Okay, then.
You closely miss the bullfrog.
The bullfrog is heavily wounded.
* * * LOW HITPOINT WARNING * * *
You feel sick. The bullfrog hits you.
* * * LOW HITPOINT WARNING * * *
The scorpion stings you but does no damage.
You closely miss the bullfrog.
The bullfrog is heavily wounded.
* * * LOW HITPOINT WARNING * * *
You feel sick.
The bullfrog hits you but does no damage.
You block the scorpion's attack. The bullfrog hits you.
You die...

,,*,,,,*,,,,,*,,,,,,,*,,,,,,,,,*,
,,*,,,,*,,,,,*,,,,,,,*,,,,,,,,,*,
,,*,,,,+,,,,,*,,,,,,,*,.,,,,,,,*,
,,**+****#######+#####..,,,,,,,*,
,,**,,,**...............,,,,,***,
,,*,,,,,*...............,,,,,*,,,
,,+,,,,,*...............,,,,,*,,,
,,*,,,,,+...............,,,,,*,,,
,,**,,,,*......F@s......,,,,,*,,,
*********.....##########******,,,
,,,,,,,,*...,,*,,,*,,,,,,,,,,*,,,
,,,,,,,,*.,,,,*,,,+,,,,,,,,,,*,,,
,,,,,,,,*,,,,,*,,,*,,,,,,,,,,*,,,
,,**,,,,*,,,,,*+****,,***,,,***,,
,,**,,,,***>,,,,,***,,***,,,***,,
,,,,,,,,,,+,,,,,,*,,,,,,,,,,,,*,,
,,,,,,,,,,*,,,,,,+,,,,,,,,,,,,*,,


You could see a bullfrog and a scorpion.

Vanquished Creatures
  Natasha (twice) (D:2)
  An orc wizard (D:3)
  Terence (D:3)
  An adder (D:2)
  2 dart slugs
  4 orcs (D:3)
  5 ball pythons
  5 endoplasms
  3 giant cockroaches
  5 goblins
  2 hobgoblins (D:1)
  A quokka (D:1)
  7 bats
  5 frilled lizards
  6 kobolds
  5 rats
55 creatures vanquished.

Notes
Turn   | Place    | Note
-------+----------+-------------------------------------------
     0 | D:1      | ChickenMitten the Formicid Fighter began the quest for the
                  | Orb.
     0 | D:1      | Reached XP level 1. HP: 18/18 MP: 1/1
   152 | D:1      | Reached XP level 2. HP: 24/24 MP: 2/2
   313 | D:1      | Found a faded altar of an unknown god.
   357 | D:1      | Reached skill level 4 in Shields
   555 | D:1      | Reached XP level 3. HP: 29/29 MP: 3/3
  1712 | D:2      | Noticed Natasha
  1728 | D:2      | Killed Natasha
  1729 | D:2      | Reached XP level 4. HP: 14/37 MP: 4/4
  1971 | D:2      | Noticed Natasha
  1985 | D:2      | Killed Natasha
  1986 | D:2      | Reached XP level 5. HP: 36/42 MP: 5/5
  2430 | D:3      | Reached skill level 5 in Shields
  2473 | D:3      | Reached skill level 1 in Short Blades
  2781 | D:3      | Noticed Terence
  2820 | D:3      | Killed Terence
  3173 | D:3      | Noticed Ijyb
  3201 | D:3      | You fall into a shaft and drop 3 floors!
  3202 | D:6      | Noticed a kobold brigand
  3228 | D:6      | Noticed a bullfrog
  3250 | D:5      | Entered Level 5 of the Dungeon
  3263 | D:5      | HP: 2/42 [poisoned by a scorpion]
  3263 | D:5      | Slain by a bullfrog

Illustrated notes

Levels and vault maps discovered:
D:1:      erik_arrival_triangle_small, layout_loops_corners,
          dreamdust_ecumenical_altar_hidden_monk_grotto
D:2:      layout_basic, uniq_natasha
D:3:      layout_loops_ring, uniq_ijyb, uniq_terence
D:5:      layout_gridville, minmay_small_thing
D:6:      layout_loops_ring, grunt_tough_drop, uniq_blork_the_orc

Skill      XL: |  1  2  3  4  5 |
---------------+----------------+-----
Shields        | 4 5 |  5.2
Armour         | 4 |  4.2
Fighting       | 4 |  4.1
Short Blades   | 1 |  1.1
Axes           | |  2.6

Action                   |  1- 3 |  4- 6 || total
-------------------------+-------+-------++-------
Melee: War axe           |    24 |       ||    24
       Dagger            |   123 |   192 ||   315
 Abil: Shaft Self        |       |     1 ||     1
  Use: Potion            |       |     5 ||     5
       Scroll            |       |     2 ||     2
Armor: Scale mail        |    70 |       ||    70
       Plate armour      |     4 |   117 ||   121
Dodge: Dodged            |    38 |    32 ||    70
Block: Kite shield       |    81 |   108 ||   189
